 Dungeon Crawl Stone Soup version 0.31-a0-1-g4198be8af4 (webtiles) character file.

Game seed: 6957380557844023610

10894 LobsterGuardian the Carver (level 11, -7/83 HPs)
             Began as a Barachi Berserker on May 1, 2023.
             Was a Priest of Trog.
             Killed from afar by a gargoyle (23 damage)
             ... with a stone arrow
             ... on level 10 of the Dungeon.
             The game lasted 00:30:19 (9992 turns).

LobsterGuardian the Carver (Barachi Berserker)      Turns: 9992, Time: 00:30:20

Health: -7/83      AC: 15    Str: 27    XL:     11   Next: 69%
Magic:  11/11      EV: 19    Int:  8    God:    Trog [***...]
Gold:   628        SH:  0    Dex: 11    Spells: 10/10 levels left

rFire   . . .        a - +1 falchion
rCold   . . .        (no shield)
rNeg    + . .        j - +4 scale mail of Zekionk {Str+4}
rPois   .            (no helmet)
rElec   .            b - +0 cloak
rCorr   .            (no gloves)
SInv    .            o - +0 pair of boots
Will    .....        x - amulet of the acrobat Stlth
                     t - ring of positive energy
HPRegen 0.33/turn    r - +5 ring of evasion
MPRegen 0.12/turn

%: acrobat
@: mighty, unable to hop, on berserk cooldown, slowed, very slow
A: amphibious, slowness 1, strong legs 1, +LOS
a: Hop, Renounce Religion, Berserk, Trog's Hand


You were on level 10 of the Dungeon.
You worshipped Trog.
Trog was most pleased with you.
You visited 1 branch of the dungeon, and saw 10 of its levels.
You visited the Abyss 1 time.
You also visited: Sewer.

You collected 628 gold pieces.

Inventory:

Hand Weapons
 a - a +1 falchion (weapon)
 w - the +1 falchion "Javig" {flame, rElec Will+}
   (You found it on level 7 of the Dungeon)

   rElec:     It insulates you from electricity.
   Will:      It increases your willpower.
Armour
 b - a +0 cloak (worn)
 j - the +4 scale mail of Zekionk (worn) {Str+4}
   (You found it on level 7 of the Dungeon)

   Str:       It affects your strength (+4).
 o - a +0 pair of boots (worn)
Jewellery
 n - a ring of magical power
 r - a +5 ring of evasion (right hand)
 t - a ring of positive energy (left hand)
 x - an amulet of the acrobat (around neck)
Wands
 e - a wand of light (6)
 h - a wand of flame (16)
 y - a wand of charming (5)
Scrolls
 m - 2 scrolls of enchant armour
 v - a scroll of immolation
Potions
 c - 3 potions of attraction
 d - a potion of cancellation
 g - a potion of might
 B - a potion of flight


   Skills:
 + Level 6.7 Fighting
 - Level 14.0 Long Blades
 + Level 10.4 Armour
 * Level 11.6 Dodging


You had 10 spell levels left.
You didn't know any spells.
Your spell library was empty.

Dungeon Overview and Level Annotations

Branches:
Dungeon (10/15)            Temple (0/1) D:5            Lair (0/5) D:8
    Orc (0/2) D:10          Sewer (visited)

Altars:
Ashenzari
Elyvilon
Makhleb
Nemelex Xobeh
Ru
Wu Jian
Xom
Zin

Shops:
D:8 !   D:10 ([

Annotations:
D:5 2 runed translucent doors
D:8 3 runed translucent doors, Demosthentine's ghost, novice DsGl
D:10 Erolcha


Innate Abilities, Weirdness & Mutations

You are amphibious.
You cover ground slowly.
You can hop short distances.
You have an extended range of vision and can be seen from far away.


Message History

The hellwing gives a chilling moan.
You hit the worldbinder.
The worldbinder is severely damaged.
The worldbinder calls forth creatures from the Vaults!
You completely miss the worldbinder.
The worldbinder is severely damaged.
You hit the worldbinder.
The worldbinder is severely damaged.
The worldbinder hits you but does no damage.
The worldbinder closely misses you.
You hit the worldbinder.
The worldbinder is almost destroyed.
The vault sentinel blows a loud note on a signal horn!
You hear a shout!
You slash the worldbinder!
You destroy the worldbinder!
Trog accepts your kill.
The vault sentinel disappears in a puff of smoke!
The substance of the Abyss twists violently, and a gateway leading out appears!
There is a gateway leading out of the Abyss here.
You feel a strong urge to attack something.
You pass through the gate.
Welcome back to the Dungeon!
Level annotation: Erolcha You are no longer berserk.
You are exhausted.
You feel yourself slow down.
A deep elf pyromancer comes into view. It is wielding a +0 long sword.
Unknown command.
As you read the scroll of fog, it crumbles to dust.
The scroll dissolves into smoke.
Erolcha gestures wildly while chanting.
Erolcha flickers and vanishes!
Deactivating autopickup; reactivate with Ctrl-A.
The gargoyle hurls a stone arrow at you.
The stone arrow hits you.
* * * LOW HITPOINT WARNING * * *
The gargoyle hurls a stone arrow at you.
The stone arrow hits you!!
You die...

.<.##.###)............#
#####..##.[.....$$....#
....#..[..........#
..$........∩.>.∩...##
....................##
.####.......$...$.....##
#. #..##................
# ....###.....§§§.......
.###. #......§@§.......
#.........§§§.......
#...................
##..................
...{......9.........
....e...............
##.#########.#####. ..
.# .#


You could see a deep elf pyromancer and a gargoyle.

Vanquished Creatures
  A tentacled starspawn (Abyss:1)
  An orc knight (D:10)
  A worldbinder (Abyss:1)
  An orange demon (Abyss:1)
  An efreet (Abyss:1)
  Maggie (D:7)
  A rime drake (D:8)
  A troll (D:9)
  A polar bear (D:8)
  4 raiju (Abyss:1)
  3 wyverns
  9 yaks
  A steam dragon (D:8)
  A large abomination (Abyss:1)
  An acid dragon (D:9)
  A water moccasin (D:7)
  8 orc warriors
  5 ice beasts
  A small abomination (Abyss:1)
  2 black bears
  5 ogres
  4 wolves (D:8)
  2 centaurs (D:9)
  4 starcursed masses (Abyss:1)
  3 bullfrogs
  4 scorpions
  2 howler monkeys (D:9)
  3 jellies
  3 hounds
  5 orc priests
  2 iguanas
  13 orc wizards
  3 gnolls (D:5)
  13 adders
  2 shadow imps
  A white imp (Abyss:1)
  2 ufetubi
  A worm (D:2)
  4 dart slugs
  41 orcs
  12 endoplasms
  13 giant cockroaches
  6 goblins
  4 hobgoblins
  8 kobolds
  11 quokkas
  15 ball pythons
  3 bats
  13 frilled lizards
  5 rats
252 creatures vanquished.

Vanquished Creatures (others)
  2 starspawn tentacles (Abyss:1)
2 creatures vanquished.

Grand Total: 254 creatures vanquished

Notes
Turn   | Place    | Note
-------+----------+-------------------------------------------
     0 | D:1      | LobsterGuardian the Barachi Berserker began the quest for
                  | the Orb.
     0 | D:1      | Reached XP level 1. HP: 18/18 MP: 1/1
   169 | D:1      | Reached skill level 4 in Long Blades
   169 | D:1      | Reached XP level 2. HP: 15/25 MP: 2/2
   716 | D:1      | Found a faded altar of an unknown god.
   883 | D:2      | Reached ** piety under Trog
   888 | D:2      | Reached XP level 3. HP: 30/30 MP: 3/3
  1221 | D:2      | Reached skill level 5 in Long Blades
  1406 | D:3      | Found a white marble altar of Elyvilon.
  1417 | D:3      | Found a broken altar of Ashenzari.
  1457 | D:3      | Reached XP level 4. HP: 22/37 MP: 4/4
  2125 | D:4      | Noticed a scorpion
  2136 | D:4      | Killed a scorpion
  2137 | D:4      | Reached skill level 6 in Long Blades
  2137 | D:4      | Reached XP level 5. HP: 43/43 MP: 5/5
  2159 | D:4      | Found a burning altar of Makhleb.
  2575 | D:4      | Reached skill level 7 in Long Blades
  2575 | D:4      | Reached XP level 6. HP: 27/49 MP: 6/6
  2928 | D:4      | Found a glowing silver altar of Zin.
  2928 | D:4      | Noticed an angel
  2929 | D:4      | Noticed a green death
  3006 | D:4      | Noticed a black bear
  3014 | D:4      | Killed a black bear
  3135 | D:5      | Entered Level 5 of the Dungeon
  3174 | D:5      | Found a staircase to the Ecumenical Temple.
  3241 | D:5      | Found a glowing drain.
  3275 | Sewer    | Entered a sewer
  3290 | Sewer    | Reached XP level 7. HP: 55/55 MP: 7/7
  3325 | Sewer    | Reached *** piety under Trog
  3636 | Sewer    | Reached skill level 5 in Armour
  3935 | D:5      | Reached skill level 5 in Dodging
  4103 | D:5      | Found a runed translucent door.
  4105 | D:5      | Found a runed translucent door.
  4105 | D:5      | Noticed a vampire mosquito
  4105 | D:5      | Noticed a vampire mosquito
  4105 | D:5      | Noticed a vampire mosquito
  4324 | D:5      | Reached XP level 8. HP: 58/61 MP: 8/8
  4650 | D:6      | Found a shimmering altar of Xom.
  5058 | D:6      | Noticed a yak
  5058 | D:6      | Noticed a yak
  5058 | D:6      | Noticed a yak
  5069 | D:6      | Killed a yak
  5078 | D:6      | Killed a yak
  5101 | D:6      | Killed a yak
  5102 | D:6      | Reached XP level 9. HP: 25/66 MP: 9/9
  6405 | D:7      | Identified the +4 scale mail of Zekionk {Str+4}
  6482 | D:7      | Noticed Maggie
  6508 | D:7      | Killed Maggie
  6509 | D:7      | Reached skill level 5 in Fighting
  6644 | D:7      | Found a sparkling altar of Nemelex Xobeh.
  6814 | D:7      | Reached skill level 10 in Dodging
  6865 | D:7      | Found an ornate altar of the Wu Jian Council.
  7260 | D:7      | Identified the +1 falchion "Javig" {flame, rElec Will+}
  7326 | D:8      | Reached **** piety under Trog
  7371 | D:8      | Found a staircase to the Lair.
  7371 | D:8      | Noticed a rime drake
  7371 | D:8      | Noticed a polar bear
  7412 | D:8      | Killed a polar bear
  7413 | D:8      | Reached XP level 10. HP: 75/75 MP: 10/10
  7422 | D:8      | Reached skill level 10 in Armour
  7651 | D:8      | Reached skill level 8 in Long Blades
  7894 | D:8      | Found Nudothrat's Distillery.
  7956 | D:8      | Found a sacrificial altar of Ru.
  7991 | D:8      | Found a runed translucent gate.
  7991 | D:8      | Found a runed translucent gate.
  7991 | D:8      | Found a runed translucent gate.
  7991 | D:8      | Noticed a kobold demonologist
  7992 | D:8      | Noticed Demosthentine's ghost (novice DsGl)
  8643 | D:9      | Reached skill level 9 in Long Blades
  8839 | D:9      | Reached skill level 10 in Long Blades
  9017 | D:9      | Reached skill level 11 in Long Blades
  9145 | D:9      | Reached XP level 11. HP: 81/81 MP: 11/11
  9284 | D:10     | Entered Level 10 of the Dungeon
  9292 | D:10     | Found Qaschux's Weapon Emporium.
  9292 | D:10     | Found a staircase to the Orcish Mines.
  9294 | D:10     | Noticed an orc knight
  9295 | D:10     | Found Obis's Armour Emporium.
  9302 | D:10     | Reached skill level 12 in Long Blades
  9318 | D:10     | Killed an orc knight
  9460 | D:10     | Noticed Erolcha
  9471 | Abyss:1  | a glowing shapeshifter changed into a two-headed ogre
  9471 | Abyss:1  | Noticed a two-headed ogre (glowing shapeshifter)
  9471 | Abyss:1  | a glowing shapeshifter changed into a spark wasp
  9471 | Abyss:1  | Noticed a spark wasp (glowing shapeshifter)
  9471 | Abyss:1  | a glowing shapeshifter changed into an elephant
  9471 | Abyss:1  | Found a corrupted altar of Lugonu.
  9471 | Abyss:1  | Found a corrupted altar of Lugonu.
  9471 | Abyss:1  | Found a transporter.
  9471 | Abyss:1  | Cast into level 1 of the Abyss (Erolcha)
  9472 | Abyss:1  | Noticed a starcursed mass
  9474 | Abyss:1  | a spark wasp changed into a radroach
  9474 | Abyss:1  | Noticed a radroach (glowing shapeshifter)
  9475 | Abyss:1  | a merfolk changed into a shock serpent
  9475 | Abyss:1  | Noticed a shock serpent (glowing shapeshifter)
  9476 | Abyss:1  | a shock serpent changed into a snapping turtle
  9477 | Abyss:1  | a snapping turtle changed into a cyclops
  9477 | Abyss:1  | Noticed a cyclops (glowing shapeshifter)
  9477 | Abyss:1  | a radroach changed into a death yak
  9477 | Abyss:1  | Noticed a death yak (glowing shapeshifter)
  9479 | Abyss:1  | a two-headed ogre changed into a sea snake
  9479 | Abyss:1  | Noticed a sea snake (glowing shapeshifter)
  9479 | Abyss:1  | a death yak changed into an azure jelly
  9479 | Abyss:1  | Noticed an azure jelly (glowing shapeshifter)
  9480 | Abyss:1  | a cyclops changed into a swamp worm
  9480 | Abyss:1  | an azure jelly changed into a fire giant
  9480 | Abyss:1  | Noticed a fire giant (glowing shapeshifter)
  9481 | Abyss:1  | a sea snake changed into a torpor snail
  9481 | Abyss:1  | a fire giant changed into a dire elephant
  9481 | Abyss:1  | Noticed a dire elephant (glowing shapeshifter)
  9482 | Abyss:1  | a dire elephant changed into a fire giant
  9482 | Abyss:1  | Noticed a fire giant (glowing shapeshifter)
  9483 | Abyss:1  | a redback changed into a two-headed ogre
  9483 | Abyss:1  | Noticed a two-headed ogre (glowing shapeshifter)
  9485 | Abyss:1  | a swamp worm changed into a two-headed ogre
  9485 | Abyss:1  | Noticed a two-headed ogre (glowing shapeshifter)
  9485 | Abyss:1  | a two-headed ogre changed into a swamp worm
  9487 | Abyss:1  | a two-headed ogre changed into a manticore
  9487 | Abyss:1  | Noticed a manticore (glowing shapeshifter)
  9487 | Abyss:1  | a manticore changed into a culicivora
  9487 | Abyss:1  | a fire giant changed into a frost giant
  9487 | Abyss:1  | Noticed a frost giant (glowing shapeshifter)
  9488 | Abyss:1  | Found a transporter.
  9488 | Abyss:1  | a frost giant changed into an alligator snapping turtle
  9488 | Abyss:1  | Noticed an alligator snapping turtle (glowing shapeshifter)
  9490 | Abyss:1  | a culicivora changed into a moth of wrath
  9490 | Abyss:1  | Noticed a moth of wrath (glowing shapeshifter)
  9491 | Abyss:1  | a moth of wrath changed into a dream sheep
  9491 | Abyss:1  | an alligator snapping turtle changed into a stone giant
  9491 | Abyss:1  | Noticed a stone giant (glowing shapeshifter)
  9493 | Abyss:1  | a water nymph changed into a sea snake
  9493 | Abyss:1  | Noticed a sea snake (glowing shapeshifter)
  9493 | Abyss:1  | a stone giant changed into a quicksilver dragon
  9493 | Abyss:1  | Noticed a quicksilver dragon (glowing shapeshifter)
  9496 | Abyss:1  | a quicksilver dragon changed into a shadow dragon
  9496 | Abyss:1  | Noticed a shadow dragon (glowing shapeshifter)
  9499 | Abyss:1  | a merfolk changed into a swamp dragon
  9499 | Abyss:1  | Noticed a swamp dragon (glowing shapeshifter)
  9499 | Abyss:1  | a swamp dragon changed into a death drake
  9499 | Abyss:1  | Noticed a death drake (glowing shapeshifter)
  9499 | Abyss:1  | a sea snake changed into a lindwurm
  9499 | Abyss:1  | Noticed a lindwurm (glowing shapeshifter)
  9502 | Abyss:1  | a death drake changed into a glowing orange brain
  9502 | Abyss:1  | Noticed a glowing orange brain (glowing shapeshifter)
  9502 | Abyss:1  | a lindwurm changed into an orb spider
  9502 | Abyss:1  | Noticed an orb spider (glowing shapeshifter)
  9502 | Abyss:1  | Noticed a jorogumo
  9503 | Abyss:1  | an orb spider changed into an eye of devastation
  9505 | Abyss:1  | a jorogumo changed into a goliath frog
  9505 | Abyss:1  | Noticed a goliath frog (glowing shapeshifter)
  9506 | Abyss:1  | a goliath frog changed into an alligator
  9506 | Abyss:1  | Noticed an alligator (glowing shapeshifter)
  9506 | Abyss:1  | Noticed a starcursed mass
  9509 | Abyss:1  | a water nymph changed into a sea snake
  9509 | Abyss:1  | Noticed a sea snake (glowing shapeshifter)
  9511 | Abyss:1  | a shadow dragon changed into an iron dragon
  9511 | Abyss:1  | Noticed an iron dragon (glowing shapeshifter)
  9511 | Abyss:1  | an alligator changed into a spark wasp
  9511 | Abyss:1  | Noticed a spark wasp (glowing shapeshifter)
  9513 | Abyss:1  | a sea snake changed into a deep troll
  9513 | Abyss:1  | Noticed a deep troll (glowing shapeshifter)
  9515 | Abyss:1  | a deep troll changed into a shining eye
  9515 | Abyss:1  | Noticed a shining eye (glowing shapeshifter)
  9515 | Abyss:1  | an iron dragon changed into an eleionoma
  9515 | Abyss:1  | Noticed an eleionoma (glowing shapeshifter)
  9516 | Abyss:1  | a shining eye changed into a cyclops
  9516 | Abyss:1  | Noticed a cyclops (glowing shapeshifter)
  9517 | Abyss:1  | a glowing orange brain changed into a wolf spider
  9517 | Abyss:1  | Noticed a wolf spider (glowing shapeshifter)
  9518 | Abyss:1  | a spark wasp changed into an ettin
  9518 | Abyss:1  | Noticed an ettin (glowing shapeshifter)
  9521 | Abyss:1  | an eleionoma changed into an azure jelly
  9521 | Abyss:1  | Noticed an azure jelly (glowing shapeshifter)
  9523 | Abyss:1  | an ettin changed into a bunyip
  9523 | Abyss:1  | Noticed a bunyip (glowing shapeshifter)
  9525 | Abyss:1  | a wolf spider changed into a faun
  9525 | Abyss:1  | Noticed a faun (glowing shapeshifter)
  9527 | Abyss:1  | an azure jelly changed into a death yak
  9527 | Abyss:1  | Noticed a death yak (glowing shapeshifter)
  9529 | Abyss:1  | a bunyip changed into an ice dragon
  9529 | Abyss:1  | Noticed an ice dragon (glowing shapeshifter)
  9531 | Abyss:1  | a death yak changed into an eight-headed hydra
  9531 | Abyss:1  | Noticed an eight-headed hydra (glowing shapeshifter)
  9534 | Abyss:1  | Reached skill level 13 in Long Blades
  9534 | Abyss:1  | a faun changed into a glowing shapeshifter
  9534 | Abyss:1  | Noticed a glowing shapeshifter (glowing shapeshifter)
  9535 | Abyss:1  | a glowing shapeshifter changed into a lindwurm
  9535 | Abyss:1  | Noticed a lindwurm (glowing shapeshifter)
  9535 | Abyss:1  | a cyclops changed into a manticore
  9535 | Abyss:1  | Noticed a manticore (glowing shapeshifter)
  9554 | Abyss:1  | Noticed a starcursed mass
  9580 | Abyss:1  | Paralysed by accursed screaming for 1 turns
  9601 | Abyss:1  | HP: 4/121 [starcursed mass/accursed screaming (8)]
  9605 | Abyss:1  | Killed a starcursed mass
  9699 | Abyss:1  | Noticed a worldbinder
  9705 | Abyss:1  | Noticed a deep elf zephyrmancer
  9707 | Abyss:1  | Noticed a deep elf pyromancer
  9707 | Abyss:1  | Noticed a deep elf zephyrmancer
  9707 | Abyss:1  | Noticed a deep elf pyromancer
  9730 | Abyss:1  | Noticed a deep elf zephyrmancer
  9740 | Abyss:1  | Noticed a deep elf pyromancer
  9740 | Abyss:1  | Noticed a deep elf zephyrmancer
  9936 | Abyss:1  | Reached skill level 14 in Long Blades
  9957 | Abyss:1  | Noticed a tentacled starspawn
  9964 | Abyss:1  | Noticed a worldbinder
  9965 | Abyss:1  | Noticed a green very ugly thing
  9965 | Abyss:1  | Noticed a red very ugly thing
  9965 | Abyss:1  | Noticed an ironbound thunderhulk
  9970 | Abyss:1  | Killed a tentacled starspawn
  9988 | Abyss:1  | Killed a worldbinder
  9991 | D:10     | Escaped the Abyss
  9991 | D:10     | Noticed a deep elf pyromancer
  9992 | D:10     | Killed from afar by a gargoyle

Illustrated notes

Levels and vault maps discovered:
D:1:      saegor_arrival_under_anarchy, layout_basic,
          chequers_ecumenical_altar_grove
D:2:      layout_rooms
D:3:      layout_loops_cross, mainiacjoe_overflow_catwalk_spiral
D:4:      nicolae_cairo_tiling_large, layout_loops_ring,
          grunt_temple_overflow_order_and_chaos_2
D:5:      lemuel_insect_pit, layout_basic, minmay_temple_entry_drinking_statues,
          portal_sewer_entry_f
D:6:      layout_rooms, lemuel_doored_altar
D:7:      layout_loops_corners, kennysheep_mini, nicolae_wu_jian_glorious_leap,
          uniq_maggie
D:8:      layout_loops_ring, overflow_temple_1_default, hellmonk_lair_entry_icy,
          gammafunk_ghost_nasty_kobolds, serial_shops, shop_statue
D:9:      layout_basic, serial_corexii_hall, chequers_hall_statues_wall_a,
          corexii_hall_statues_x, corexii_hall_statues_i, enter_bailey_5
D:10:     minmay_the_grid_4x2 [minmay_the_grid_eight, minmay_the_grid_empty,
          minmay_the_grid_minigrid_large, minmay_the_grid_broken_lines,
          minmay_the_grid_outer_circle, minmay_the_grid_slots,
          minmay_the_grid_outer_diamond, minmay_the_grid_prize_inner_circle],
          layout_layer_cave, orc_david_3, serial_bayou, serial_bayou_pond_a,
          serial_bayou_pond_a, serial_bayou_pond_e, serial_bayou_pond_c,
          kennysheep_generic_room_5, uniq_urug, uniq_erolcha

Skill      XL: |  1  2  3  4  5  6  7  8  9 10 11 |
---------------+----------------------------------+-----
Long Blades    | 4 5 6 7 11 14 | 14.0
Fighting       | 4 5 6 |  6.7
Armour         | 4 6 8 9 10 | 10.4
Dodging        | 3 5 7 10 11 | 11.6

Action                     |  1- 3 |  4- 6 |  7- 9 | 10-12 || total
---------------------------+-------+-------+-------+-------++-------
  Melee: Falchion          |   122 |   137 |   487 |   437 ||  1183
         Punch             |       |     4 |     6 |    10 ||    20
 Invoke: Berserk           |     4 |     4 |    16 |    15 ||    39
         Trog's Hand       |       |       |     2 |     4 ||     6
         Brothers in Arms  |       |       |       |     1 ||     1
Ability: Hop               |     2 |     1 |     6 |     3 ||    12
  Evoke: Wand              |       |       |     2 |     1 ||     3
    Use: Scroll            |     5 |     3 |     5 |    10 ||    23
         Potion            |       |       |     8 |     9 ||    17
   Stab: Sleeping          |     2 |     1 |       |       ||     3
         Invisible         |       |       |     3 |     1 ||     4
 Armour: Animal skin       |     2 |       |       |       ||     2
         Leather armour    |    28 |    37 |   107 |       ||   172
         Scale mail        |       |       |    25 |   111 ||   136
  Dodge: Dodged            |    71 |    70 |   401 |   349 ||   891

Table legend: (Time is in decaauts)
 A = Elapsed time spent in this place.
 B = Non-inter-level travel time spent in this place.
 C = Inter-level travel time spent in this place.
 D = Time resting spent in this place.
 E = Time spent auto-exploring this place.
 F = Levels seen in this place.
 G = Mean time per level.
                   A        B        C        D        E       F      G
               +--------+--------+--------+--------+--------+-----+--------+
         Total |  11118 |  10821 |    297 |   1486 |   7348 |  12 |  926.5 |
       Dungeon |  10140 |   9843 |    297 |   1322 |   6976 |  10 | 1014.0 |
         Abyss |    496 |    496 |      0 |    120 |    150 |   1 |  496.0 |
         Sewer |    481 |    481 |      0 |     43 |    221 |   1 |  481.0 |
               +--------+--------+--------+--------+--------+-----+--------+

Top non-repeatable levels by time:
     D:7: 1701 daAuts
     D:6: 1462 daAuts
     D:8: 1342 daAuts
     D:4: 1192 daAuts
     D:5: 997 daAuts
     D:1: 980 daAuts
     D:9: 830 daAuts
     D:3: 783 daAuts
     D:2: 661 daAuts
 Abyss:1: 496 daAuts
   Sewer: 481 daAuts
    D:10: 187 daAuts
